 Dungeon Crawl Stone Soup version 0.29-a0-82-g837932c90e (webtiles) character file.

Game seed: 7596860335400593056

1920 robertstho the Protected (level 8, 0/72 (74) HPs)
             Began as a Minotaur Fighter on Feb 4, 2022.
             Was an Initiate of Qazlal.
             Slain by a wight (1 damage)
             ... on level 6 of the Dungeon.
             The game lasted 00:06:00 (5847 turns).

robertstho the Protected (Minotaur Fighter)         Turns: 5847, Time: 00:06:02

HP:   0/72 (74)     AC: 13    Str: 22    XL:     8   Next: 96%
MP:   7/7           EV:  7    Int:  5    God:    Qazlal [......]
Gold: 202           SH:  5    Dex: 11    Spells: 7/7 levels left

rFire   + . .      SeeInvis .   a - +0 war axe
rCold   . . .      Faith    .   c - +0 buckler
rNeg    . . .      Spirit   .   m - +0 plate armour
rPois   .          Reflect  .   (helmet restricted)
rElec   .          Harm     .   b - scarf {+Inv}
rCorr   .          Rampage  .   (no gloves)
Will    .....                   (no boots)
Stlth   ..........              (no amulet)
HPRegen 0.22/turn               q - ring of protection from fire
MPRegen 0.10/turn               (no ring)

@: attractive, lightly drained, invisible
A: horns 2, retaliatory headbutt
a: Renounce Religion, Evoke Invisibility


You were on level 6 of the Dungeon.
You worshipped Qazlal.
Qazlal was noncommittal.
You visited 2 branches of the dungeon, and saw 7 of its levels.

You collected 202 gold pieces.

Inventory:

Hand Weapons
 a - a +0 war axe (weapon)
 d - a +0 whip of electrocution
Missiles
 t - 2 throwing nets (quivered)
Armour
 b - a scarf of invisibility (worn)
 c - a +0 buckler (worn)
 m - a +0 plate armour (worn)
Jewellery
 q - a ring of protection from fire (left hand)
Wands
 g - a wand of charming (7)
 l - a wand of acid (9)
 p - a wand of digging (7)
 u - a wand of flame (15)
Scrolls
 h - 2 scrolls of immolation
 j - 3 scrolls of teleportation
 n - a scroll of enchant armour
 o - 3 scrolls of magic mapping {unknown}
 r - 2 scrolls of identify
 s - a scroll of torment {unknown}
Potions
 e - 2 potions of attraction
 f - a potion of invisibility
 i - 2 potions of heal wounds {unknown}
 k - 2 potions of cancellation
 v - a potion of brilliance {unknown}
 w - a potion of curing


   Skills:
 * Level 7.7 Fighting
 + Level 8.3 Axes
 * Level 8.7 Armour
 + Level 1.8 Dodging
 + Level 0.1 Stealth
 + Level 5.0 Shields
 * Level 1.2 Invocations


You had 7 spell levels left.
You didn't know any spells.
Your spell library contained the following spells:

 Spells                   Type           Power      Damage    Failure   Level
 Beastly Appendage        Tmut           0%         N/A       100%        1
 Wereblood                Tmut           0%         N/A       100%        2
 Call Canine Familiar     Summ           0%         N/A       100%        3
 Conjure Flame            Conj/Fire      0%         6-21      100%        3
 Gell's Gravitas          Tloc           0%         N/A       100%        3
 Ignite Poison            Fire/Tmut/Pois 0%         N/A       100%        3
 Portal Projectile        Hex/Tloc       0%         N/A       100%        3
 Spider Form              Tmut/Pois      0%         N/A       100%        3
 Teleport Other           Tloc           0%         N/A       100%        3
 Leda's Liquefaction      Hex/Erth       0%         N/A       100%        4
 Sticky Flame             Conj/Fire      0%         2d3       100%        4
 Dispersal                Tloc           0%         N/A       100%        6


Dungeon Overview and Level Annotations

Branches:
Dungeon (6/15)             Temple (1/1) D:5

Altars:
Cheibriados
Gozag
Hepliaklqana
Okawaru
Qazlal
Ru
Trog
Uskayaw
Vehumet
Wu Jian
Xom
Zin
The Shining One


Innate Abilities, Weirdness & Mutations

You have a pair of horns on your head.
You reflexively headbutt those who attack you in melee.


Message History

You barely miss the ogre. You headbutt the ogre!
The ogre is almost dead.
You hit the ogre but do no damage.
The ogre is almost dead.
The ogre hits you with a +0 giant club!
You slice the ogre!!
You kill the ogre!
Qazlal accepts your kill.
You barely miss the wight.
The wight hits you with a +2 morningstar of freezing.
The wight freezes you.
You are too injured to fight recklessly!
You are too injured to fight recklessly!
You are too injured to fight recklessly!
Unknown command.
It was a potion of attraction.
You feel attractive to monsters.
The orc shouts!
The wight barely misses you. The wight is attracted toward you.
The orc is attracted toward you.
The orc warrior is attracted toward you.
It was a potion of invisibility.
You fade into invisibility!
The orc warrior shouts!
The orc is attracted toward you.
The orc warrior is attracted toward you.
You hit the orc warrior. You headbutt the orc warrior.
The orc warrior is moderately wounded.
You hit the wight. You hit the wight but do no damage.
You strike the helpless orc from behind!
You hit the orc but do no damage. The wight hits you with a +0 spear.
You feel drained. The orc hits you with a +0 flail.
* * * LOW HITPOINT WARNING * * *
The orc warrior hits you with a +0 hand axe!
* * * LOW HITPOINT WARNING * * *
The wight hits you but does no damage.
The wight hits you with a +2 morningstar of freezing!
* * * LOW HITPOINT WARNING * * *
The wight freezes you.
You die...

####....##..#...### #
##....)..#.....# #
##....###...)## #
#.....# #.#...## ...
###...###.##[..# ...
...#....#..##..##
....
.................#
....
......##...........
...
..##...z@o.#....##.(.
.. ......#zzo§..§..#
.##..
...##..##.###... # .
....#.....§# #... #..
#....... ..5. ..##
... ... ... #... §.#


You could see an orc warrior, 3 wights and an orc.

Vanquished Creatures
  Pikel (D:5)
  A shadow (D:6)
  A water moccasin (D:5)
  A necrophage (D:4)
  2 ogres
  A centaur (D:5)
  A lemure (D:5)
  A kobold brigand (D:4)
  2 scorpions
  A water moccasin skeleton (D:5)
  2 wights (D:6)
  3 bullfrog zombies
  A bullfrog skeleton (D:5)
  2 orc priests (D:4)
  A hound (D:5)
  2 iguanas
  3 orc wizards
  6 gnolls
  5 adders
  A white imp (D:6)
  4 dart slugs
  18 orcs
  11 endoplasms
  5 giant cockroaches
  10 goblins
  7 hobgoblins
  9 jackals (D:3)
  5 quokkas
  9 ball pythons
  3 bats (D:1)
  7 frilled lizards
  5 kobolds
  4 rats
135 creatures vanquished.

Notes
Turn   | Place    | Note
-------+----------+-------------------------------------------
     0 | D:1      | robertstho the Minotaur Fighter began the quest for the
                  | Orb.
     0 | D:1      | Reached XP level 1. HP: 19/19 MP: 0/0
   102 | D:1      | Reached XP level 2. HP: 27/27 MP: 1/1
   209 | D:1      | Found a faded altar of an unknown god.
   389 | D:1      | Reached XP level 3. HP: 32/33 MP: 2/2
   576 | D:2      | Found an iron altar of Okawaru.
   998 | D:2      | Reached XP level 4. HP: 40/41 MP: 3/3
  2322 | D:4      | Noticed a kobold brigand
  2329 | D:4      | Killed a kobold brigand
  2330 | D:4      | Reached skill level 5 in Armour
  2330 | D:4      | Reached XP level 5. HP: 19/47 MP: 4/4
  2524 | D:4      | Reached skill level 1 in Dodging
  2585 | D:4      | Noticed an ogre
  2591 | D:4      | Reached skill level 5 in Fighting
  2591 | D:4      | HP: 2/48 [ogre (11)]
  2592 | D:4      | Killed an ogre
  2593 | D:4      | Reached XP level 6. HP: 3/56 MP: 5/5
  2597 | D:4      | Found a glowing golden altar of the Shining One.
  2599 | D:4      | Reached skill level 5 in Axes
  2617 | D:4      | Found a glowing silver altar of Zin.
  2977 | D:4      | Reached XP level 7. HP: 11/62 MP: 6/6
  3508 | D:5      | Entered Level 5 of the Dungeon
  4075 | D:5      | Noticed Pikel
  4095 | D:5      | Killed Pikel
  4096 | D:5      | Reached XP level 8. HP: 23/71 MP: 7/7
  4837 | D:5      | Found a staircase to the Ecumenical Temple.
  5111 | Temple   | Entered the Ecumenical Temple
  5161 | Temple   | Became a worshipper of Qazlal Stormbringer
  5545 | D:6      | Noticed a kobold demonologist
  5552 | D:6      | Noticed a two-headed ogre
  5554 | D:6      | Noticed a kobold demonologist
  5777 | D:6      | Reached skill level 5 in Shields
  5777 | D:6      | Reached skill level 1 in Invocations
  5847 | D:6      | HP: 1/72 [wight (11)]
  5847 | D:6      | Slain by a wight

Illustrated notes

Levels and vault maps discovered:
D:1:      ncdulo_watergridlock, layout_rooms,
          shapermc_ecumenical_altar_mp_highgroup, minmay_vboxes
D:2:      layout_rooms, basic_altar, minmay_lizard_pond
D:3:      layout_basic
D:4:      layout_rooms, mainiacjoe_overflow_divided_tiny,
          hangedman_feature_mirror
D:5:      layout_cave_pods, minmay_temple_entry_trees, uniq_pikel
D:6:      hangedman_cross_stitches, layout_cave_pools
Temple:   regret_index_temple_chain_breaker

Skill      XL: |  1  2  3  4  5  6  7  8 |
---------------+-------------------------+-----
Fighting       | 4 5 6 7 |  7.7
Armour         | 4 5 7 8 |  8.7
Axes           | 3 4 5 7 8 |  8.3
Shields        | 4 5 |  5.0
Dodging        | 1 |  1.8
Invocations    | 1 |  1.2
Stealth        | |  0.1

Action                   |  1- 3 |  4- 6 |  7- 9 || total
-------------------------+-------+-------+-------++-------
Melee: War axe           |    79 |   100 |   125 ||   304
       Headbutt          |     8 |    12 |    21 ||    41
  Use: Scroll            |     1 |     3 |     1 ||     5
       Potion            |       |     3 |     5 ||     8
 Stab: Invisible         |       |       |     1 ||     1
Armor: Scale mail        |    36 |    35 |       ||    71
       Plate armour      |       |    21 |    84 ||   105
Dodge: Dodged            |    47 |    37 |    39 ||   123
Block: Buckler           |    25 |    22 |    30 ||    77

Table legend: (Time is in decaauts)
 A = Elapsed time spent in this place.
 B = Non-inter-level travel time spent in this place.
 C = Inter-level travel time spent in this place.
 D = Time resting spent in this place.
 E = Time spent auto-exploring this place.
 F = Levels seen in this place.
 G = Mean time per level.
                   A        B        C        D        E       F      G
               +--------+--------+--------+--------+--------+-----+--------+
         Total |   5939 |   5759 |    180 |    456 |   4468 |   7 |  848.4 |
       Dungeon |   5874 |   5710 |    164 |    456 |   4434 |   6 |  979.0 |
        Temple |     65 |     50 |     15 |      0 |     34 |   1 |   65.0 |
               +--------+--------+--------+--------+--------+-----+--------+

Top non-repeatable levels by time:
     D:4: 1515 daAuts
     D:5: 1482 daAuts
     D:3: 1281 daAuts
     D:1: 594 daAuts
     D:6: 534 daAuts
     D:2: 465 daAuts
  Temple: 65 daAuts
